 Dungeon Crawl Stone Soup version 0.26-b1-32-g5d43845318 (webtiles) character file.

Game seed: 1481170772667920124

9671 Arthanis the Arsonist (level 11, -3/49 (57) HPs)
             Began as a Deep Elf Fire Elementalist on Jan 12, 2021.
             Was a Priest of Vehumet.
             Slain by a minotaur
             ... wielding a +6 long sword of electrocution
              (8 damage)
             ... in a Gauntlet.
             The game lasted 00:25:25 (11157 turns).

Arthanis the Arsonist (Deep Elf Fire Elementalist) Turns: 11157, Time: 00:25:25

HP:   -3/49 (57)    AC: 12    Str:  7    XL:     11   Next: 26%
MP:   32/36         EV: 18    Int: 22    God:    Vehumet [***...]
Gold: 112           SH:  0    Dex: 22    Spells: 13/31 levels left

rFire    + + .     SeeInvis .   c - +5 great mace of Shrieking Terror {vorpal, +Inv rF+}
rCold    . . .     Faith    .   (shield currently unavailable)
rNeg     . . .     Spirit   .   K - +1 robe {rF+}
rPois    +         Reflect  .   (no helmet)
rElec    .         Harm     .   r - +0 cloak
rCorr    .         Rampage  .   S - +1 pair of gloves {Dex+3}
Will     +....     NoTele   +   O - +1 pair of boots {Stlth+}
Stlth    ++++......             X - amulet "Wocijifi" {rPois Regen+ Int-2 Dex+4}
HPRegen  0.56/turn              s - ring of magical power
MPRegen  0.25/turn              N - +4 ring of protection

@: heavily drained
A: blurry vision 1, poison resistance, strong 1
a: Renounce Religion, Evoke Invisibility


You were in a Gauntlet.
You worshipped Vehumet.
Vehumet was most pleased with you.
You visited 2 branches of the dungeon, and saw 13 of its levels.
You visited 1 bazaar.
You also visited: Gauntlet.

You collected 917 gold pieces.
You spent 805 gold pieces at shops.

Inventory:

Hand Weapons
 c - the +5 great mace of Shrieking Terror (weapon) {vorpal, +Inv rF+}
   (You found it on level 7 of the Dungeon)

   It inflicts extra damage upon your enemies.
   It protects you from fire.
   It lets you turn invisible.
 u - a +2 trident of protection
 A - the +4 rapier "Daaw" {vorpal, Dex+3}
   (You found it on level 5 of the Dungeon)

   It inflicts extra damage upon your enemies.
   It affects your dexterity (+3).
 T - the +6 flail "Immuug" {vorpal, rPois}
   (You found it on level 12 of the Dungeon)

   It inflicts extra damage upon your enemies.
   It protects you from poison.
Armour
 a - a +0 robe
 g - a +0 pair of boots
 r - a +0 cloak (worn)
 w - a +0 robe of cold resistance
 F - a +0 pair of gloves
 K - a +1 robe of fire resistance (worn)
 O - a +1 pair of boots of stealth (worn)
 S - a +1 pair of gloves of dexterity (worn)
Magical Staves
 Z - an uncursed staff of cold
Jewellery
 d - a cursed amulet of regeneration
 f - a +6 ring of strength
 h - an uncursed amulet of magic regeneration
 s - a ring of magical power (left hand)
 E - an uncursed ring of see invisible
 N - a +4 ring of protection (right hand)
 P - an uncursed ring of wizardry
 V - an uncursed amulet of faith
 X - the amulet "Wocijifi" (around neck) {rPois Regen+ Int-2 Dex+4}
   (You found it in a Gauntlet)

   [amulet of regeneration]

   It affects your intelligence (-2).
   It affects your dexterity (+4).
   It protects you from poison.
   It increases your rate of regeneration.
 Y - an uncursed ring of stealth
Wands
 y - a wand of paralysis (9)
 C - a wand of digging (20)
 J - a wand of enslavement (10)
 L - a wand of random effects (17)
 W - a wand of acid (7)
Scrolls
 b - a scroll of blinking {unknown}
 i - 4 scrolls of remove curse
 t - 5 scrolls of enchant weapon
 v - 10 scrolls of teleportation
 B - 4 scrolls of immolation
 D - 2 scrolls of enchant armour {unknown}
 G - 2 scrolls of magic mapping
 H - a scroll of summoning
 I - a scroll of random uselessness {unknown}
 M - 2 scrolls of amnesia {unknown}
 R - a scroll of vulnerability {unknown}
 U - a scroll of holy word {unknown}
Potions
 e - 2 potions of heal wounds
 j - a potion of mutation
 k - 3 potions of haste
 l - 10 potions of curing
 m - 3 potions of might
 n - 2 potions of lignification
 o - a potion of cancellation {unknown}
 p - 2 potions of resistance {unknown}
 q - 3 potions of flight
 x - 2 potions of brilliance {unknown}
 z - a potion of attraction {unknown}
 Q - 2 potions of berserk rage {unknown}


   Skills:
 - Level 2.0 Fighting
 + Level 6.9 Dodging
 - Level 3.0 Stealth
 + Level 10.8 Spellcasting
 + Level 8.8 Conjurations
 * Level 12.6 Fire Magic
 + Level 4.0 Evocations


You had 13 spell levels left.
You knew the following spells:

 Your Spells              Type           Power        Failure   Level
a - Foxfire               Conj/Fire      100%         1%          1
b - Conjure Flame         Conj/Fire      56%          1%          3
c - Sticky Flame          Conj/Fire      56%          1%          4
d - Fireball              Conj/Fire      28%          1%          5
e - Magic Dart            Conj           100%         1%          1
f - Iskenderun's Mystic   Conj/Tloc      31%          2%          4

Your spell library contained the following spells:

 Spells                   Type           Power        Failure   Level
 Lee's Rapid Deconstruct  Erth           5%           36%         5
 Searing Ray              Conj           100%         1%          2
 Dazzling Flash           Conj/Hex       62%          1%          3
 Inner Flame              Hex/Fire       39%          1%          3
 Fulminant Prism          Conj/Hex       15%          2%          4
 Apportation              Tloc           22%          5%          1
 Corona                   Hex            12%          5%          1
 Slow                     Hex            11%          9%          2
 Lesser Beckoning         Tloc           5%           17%         3
 Portal Projectile        Hex/Tloc       22%          17%         3
 Tukima's Dance           Hex            11%          17%         3
 Yara's Violent Unravell  Hex/Tmut       5%           36%         5
 Cause Fear               Hex            5%           50%         4
 Leda's Liquefaction      Hex/Erth       5%           50%         4
 Alistair's Intoxication  Tmut/Pois      7%           83%         5
 Silence                  Hex/Air        5%           83%         5
 Invisibility             Hex            11%          100%        6
 Discord                  Hex            5%           100%        8


Dungeon Overview and Level Annotations

Branches:
Dungeon (12/15)            Temple (1/1) D:4            Lair (0/6) D:8
    Orc (0/2) D:10        Gauntlet (1/1)

Altars:
Ashenzari
Cheibriados
Dithmenos
Elyvilon
Fedhas
Gozag
Hepliaklqana
Kikubaaqudgha
Nemelex Xobeh
Qazlal
Ru
Sif Muna
Trog
Uskayaw
Vehumet
Wu Jian
Xom
Yredelemnul
Zin

Shops:
D:5 :   D:8 *   D:10 [

Annotations:
Gauntlet 5 transporters


Innate Abilities, Weirdness & Mutations

Scrolls take you a little longer to read.
Your system is resistant to poisons. (rPois)
Your muscles are strong. (Str +2)


Message History

Your killer bee barely misses the minotaur. x2
The minotaur hits you with a +6 long sword of electrocution!!
The minotaur gores you.
Your killer bee stings the minotaur.
Your killer bee barely misses the minotaur.
Casting: Foxfire (safe; 1% risk of failure)
Confirm with . or Enter, or press ? or * to list all spells.
Aiming: Sticky Flame (safe; 1% risk of failure)
Press: ? - help, Shift-Dir - straight line, f/p - minotaur
Aim: a minotaur, wielding a +6 long sword of electrocution, wearing a +3 plate armour of poison resistance, wearing an uncursed ring of see invisible and quivering 15 javelins (moderately wounded, 0% to evade)
The sticky flame hits the minotaur but does no damage.
The minotaur is moderately wounded.
The minotaur is covered in liquid flames!
The minotaur burns!
Your killer bee barely misses the minotaur.
The minotaur furiously retaliates!
The minotaur headbutts your killer bee!
Your killer bee stings the minotaur but does no damage.
The minotaur hits you with a +6 long sword of electrocution!!
* * * LOW HITPOINT WARNING * * *
You are electrocuted!
You die...

### ### ≈..#44...# ...
..###..#######
##.###..##......... ...
....#..#######
..#.#...#..#......
#######y#.#.©.#8.#.####.
[8[8.8#yy.#...#..#.#^..#
......Hy###.©.#∩.#©#.©.#
}8:8.8#@..#...#..#.#..^#
#######.#(#.©.#8.#..####
#.....#.#...#..#^.....
#8..........#..#######
##.##.###..##.........
#..... ..###..#######
###### ####≈..###JJJ.
##..####.## §..# =..##


You could see a minotaur (burning) and 4 friendly killer bees.

Vanquished Creatures
  A boulder beetle (D:11)
  Pikel (D:5)
  A centaur zombie (D:12)
  A smoke demon (Gauntlet)
  Maurice (D:8)
  2 gargoyles
  2 trolls (D:9)
  Prince Ribbit (D:5)
  Grinder (D:4)
  2 wyverns (D:8)
  2 basilisks (D:8)
  2 steam dragons (D:8)
  4 small abominations (Gauntlet)
  Duvessa (D:7)
  A phantom (D:8)
  A black bear (D:6)
  2 ice beasts
  4 orc warriors
  5 sky beasts
  A hornet zombie (D:8)
  2 necrophages
  3 centaurs
  5 ogres
  2 lemures
  7 bullfrogs
  A wyvern skeleton (D:8)
  Dowan (D:7)
  5 killer bees (D:10)
  9 wights
  A bullfrog zombie (D:12)
  2 howler monkeys
  3 crimson imps (Gauntlet)
  3 jellies
  12 hounds
  5 orc priests
  2 bullfrog skeletons
  11 orc wizards
  5 iguanas
  3 worker ants
  3 hound zombies
  A howler monkey zombie (D:8)
  3 worker ant zombies
  A hound skeleton (D:7)
  6 gnolls
  6 adders
  3 shadow imps
  2 white imps
  An ufetubus (D:8)
  An ooze (D:3)
  An adder skeleton (D:8)
  4 adder zombies
  A worm (D:2)
  A dart slug (D:1)
  3 leopard geckos
  33 orcs
  A ball python (D:8)
  8 bats
  3 giant cockroaches
  10 goblins
  10 hobgoblins
  12 jackals
  5 quokkas
  6 frilled lizards
  A jackal skeleton (D:5)
  6 kobolds
  A leopard gecko zombie (D:7)
  7 rats
258 creatures vanquished.

Vanquished Creatures (others)
  1385 foxfires
1385 creatures vanquished.

Grand Total: 1643 creatures vanquished

Notes
Turn   | Place    | Note
-------+----------+-------------------------------------------
     0 | D:1      | Arthanis the Deep Elf Fire Elementalist began the quest for
                  | the Orb.
     0 | D:1      | Reached XP level 1. HP: 10/10 MP: 6/6
   142 | D:1      | Reached XP level 2. HP: 15/15 MP: 2/8
   405 | D:1      | Reached skill level 4 in Fire Magic
   592 | D:1      | Reached XP level 3. HP: 19/19 MP: 7/10
  1268 | D:2      | Learned a level 3 spell: Conjure Flame
  1541 | D:3      | Reached XP level 4. HP: 24/24 MP: 11/11
  1546 | D:3      | Learned a level 4 spell: Sticky Flame
  1880 | D:3      | Reached skill level 5 in Fire Magic
  1880 | D:3      | Reached XP level 5. HP: 9/28 MP: 13/13
  2417 | D:3      | Learned a level 5 spell: Fireball
  2532 | D:3      | Found a bloodstained altar of Trog.
  2702 | D:4      | Reached XP level 6. HP: 22/32 MP: 15/15
  2850 | D:4      | Found a staircase to the Ecumenical Temple.
  2882 | Temple   | Entered the Ecumenical Temple
  2916 | Temple   | Became a worshipper of Vehumet
  3043 | D:4      | Reached skill level 5 in Spellcasting
  3048 | D:4      | Reached skill level 6 in Fire Magic
  3224 | D:4      | Reached XP level 7. HP: 36/36 MP: 17/17
  3503 | D:4      | Found a sparkling altar of Nemelex Xobeh.
  3518 | D:4      | Noticed Grinder
  3525 | D:4      | Killed Grinder
  3526 | D:4      | Reached skill level 7 in Fire Magic
  3862 | D:4      | Found a broken altar of Ashenzari.
  3862 | D:4      | Found a faded altar of an unknown god.
  3867 | D:4      | Found a sacrificial altar of Ru.
  3869 | D:4      | Found a blossoming altar of Fedhas.
  3870 | D:4      | Found a faded altar of an unknown god.
  3968 | D:5      | Entered Level 5 of the Dungeon
  3973 | D:5      | Noticed Pikel
  4204 | D:5      | Killed Pikel
  4205 | D:5      | Reached skill level 5 in Conjurations
  4205 | D:5      | Reached skill level 8 in Fire Magic
  4205 | D:5      | Reached XP level 8. HP: 28/41 MP: 14/20
  4366 | D:5      | Got a scorched rapier
  4541 | D:5      | Found a sparkling altar of Nemelex Xobeh.
  4616 | D:5      | Noticed a gargoyle
  4621 | D:5      | Killed a gargoyle
  4622 | D:5      | Reached skill level 9 in Fire Magic
  4624 | D:5      | Noticed Prince Ribbit
  4632 | D:5      | Killed Prince Ribbit
  4632 | D:5      | Reached * piety under Vehumet
  4632 | D:5      | Offered knowledge of Freeze by Vehumet.
  4815 | D:5      | Reached XP level 9. HP: 45/45 MP: 23/23
  4916 | D:5      | Found Cetuyjul's Book Emporium.
  4922 | D:5      | Found a sparkling altar of Nemelex Xobeh.
  5112 | D:6      | Reached skill level 1 in Evocations
  5282 | D:6      | Reached skill level 10 in Fire Magic
  5479 | D:6      | Identified the +4 rapier "Daaw" {vorpal, Dex+3} (You found
                  | it on level 5 of the Dungeon)
  5508 | D:7      | Noticed Dowan
  5555 | D:7      | Got a smoking great mace
  5582 | D:7      | Reached ** piety under Vehumet
  5582 | D:7      | Offered knowledge of Searing Ray by Vehumet.
  6011 | D:7      | Killed Dowan
  6020 | D:7      | Noticed Duvessa
  6026 | D:7      | Killed Duvessa
  6268 | D:7      | Reached skill level 1 in Fighting
  6270 | D:7      | Identified the +5 great mace of Shrieking Terror {vorpal,
                  | +Inv rF+} (You found it on level 7 of the Dungeon)
  6357 | D:7      | Found an ornate altar of the Wu Jian Council.
  6501 | D:7      | Learned a level 1 spell: Magic Dart
  6602 | D:7      | Learned a level 4 spell: Iskenderun's Mystic Blast
  6748 | D:8      | Found Lion's General Store.
  6756 | D:8      | Bought a scroll of identify for 30 gold pieces
  7056 | D:8      | Offered knowledge of Frozen Ramparts by Vehumet.
  7057 | D:8      | Reached skill level 11 in Fire Magic
  7100 | D:8      | Reached XP level 10. HP: 48/52 MP: 25/25
  7234 | D:8      | Noticed Maurice
  7237 | D:8      | Killed Maurice
  7284 | D:8      | Reached *** piety under Vehumet
  7638 | D:8      | Reached skill level 5 in Dodging
  7772 | D:8      | Found a staircase to the Lair.
  7903 | D:8      | Offered knowledge of Ignite Poison by Vehumet.
  8146 | D:9      | Reached skill level 10 in Spellcasting
  8313 | D:9      | Found a snail-covered altar of Cheibriados.
  8597 | D:9      | Reached skill level 12 in Fire Magic
  8952 | D:9      | Found a shimmering blue altar of Sif Muna.
  9344 | D:10     | Entered Level 10 of the Dungeon
  9360 | D:10     | Reached **** piety under Vehumet
  9434 | D:10     | Noticed a gargoyle
  9438 | D:10     | Killed a gargoyle
  9540 | D:10     | Found a sacrificial altar of Ru.
  9554 | D:10     | Offered knowledge of Lee's Rapid Deconstruction by Vehumet.
  9561 | D:10     | Found Qongaek's Armour Shoppe.
  9561 | D:10     | Found a staircase to the Orcish Mines.
  9882 | D:10     | Bought a +1 pair of boots of stealth for 280 gold pieces
  9967 | D:11     | Noticed a boulder beetle
  9991 | D:11     | Killed a boulder beetle
  9992 | D:11     | Reached XP level 11. HP: 57/57 MP: 4/27
 10067 | D:11     | Found a flickering gateway to a bazaar.
 10090 | Bazaar   | Entered a bazaar
 10092 | Bazaar   | Found Xoal's Armour Boutique.
 10096 | Bazaar   | Found Talokkiaph's General Store.
 10096 | Bazaar   | Found Zuwnoym's Weapon Boutique.
 10097 | Bazaar   | Found Wuahi's Antique Armour Boutique.
 10138 | Bazaar   | Bought an uncursed ring of wizardry for 450 gold pieces
 10138 | Bazaar   | Bought a scroll of teleportation for 45 gold pieces
 10574 | D:12     | Found a gate leading to a gauntlet.
 10587 | D:12     | Got a masterwork flail
 10680 | Gauntlet | Entered a Gauntlet
 10680 | Gauntlet | Found a transporter.
 10680 | Gauntlet | Found a runed translucent door.
 10680 | Gauntlet | Found a transporter.
 10695 | Gauntlet | Noticed a soul eater
 10707 | Gauntlet | Found a runed translucent door.
 10716 | Gauntlet | Found a transporter.
 10801 | Gauntlet | Found a transporter.
 10801 | Gauntlet | Found a transporter.
 10811 | Gauntlet | Found a transporter.
 10888 | Gauntlet | Found a transporter.
 10889 | Gauntlet | Found a transporter.
 10889 | Gauntlet | Found a transporter.
 10892 | Gauntlet | Noticed a death ooze
 10924 | Gauntlet | Noticed a death ooze
 10962 | Gauntlet | Found a transporter.
 10971 | Gauntlet | Found a transporter.
 10978 | Gauntlet | Noticed a reaper
 10981 | Gauntlet | Got a serpentine ivory amulet
 10989 | Gauntlet | Identified the +6 flail "Immuug" {vorpal, rPois} (You found
                  | it on level 12 of the Dungeon)
 11001 | Gauntlet | Identified the amulet "Wocijifi" {rPois Regen+ Int-2 Dex+4}
                  | (You found it in a Gauntlet)
 11013 | Gauntlet | Gained mutation: Your system is resistant to poisons.
                  | (rPois) [potion of mutation]
 11013 | Gauntlet | Gained mutation: Scrolls take you a little longer to read.
                  | [potion of mutation]
 11013 | Gauntlet | Gained mutation: Your muscles are strong. (Str +2) [potion
                  | of mutation]
 11150 | Gauntlet | Noticed a minotaur
 11157 | Gauntlet | Slain by a minotaur

Illustrated notes

Levels and vault maps discovered:
D:1:      dpeg_arrival_tiny_b, layout_basic, chequers_serial_rivers_small_b,
          minmay_heptomino_d4
D:2:      layout_rooms
D:3:      layout_loops_corners, marbit_many_paths
D:4:      layout_basic, nicolae_overflow_crystal_walls,
          chequers_temple_overflow_minitemple, temple_green, uniq_grinder
D:5:      layout_rooms, serial_shops, nicolae_shop_window_shopping,
          hangedman_feature_mirror, minmay_bent, uniq_pikel, uniq_prince_ribbit1
D:6:      layout_rooms
D:7:      layout_loops_ring, nzn_wu_jian_contemplation, uniq_duvessa
D:8:      layout_basic, erik_lair_dragon, serial_shops, nicolae_shop_trees,
          nrook_campfire, uniq_maurice
D:9:      layout_layer_cave, kennysheep_little_box, lemuel_altar_in_water2
D:10:     layout_roguey, orc_david_3, hangedman_ru_absence
D:11:     layout_rooms, serial_shops, bzr_entry_customers
D:12:     layout_stronghold, gauntlet_entry_generic
Temple:   regret_index_temple_waves
Gauntlet: gammafunk_gauntlet_mixed_choke_point
          [minmay_gauntlet_arena_77_cramped,
          minmay_gauntlet_arena_77_chump_sandwich,
          minmay_gauntlet_arena_77_terracotta_army,
          nicolae_gauntlet_arena_t_cross, minmay_gauntlet_arena_77_mirror,
          minmay_gauntlet_arena_77_box, minmay_gauntlet_arena_77_p_blocks,
          nicolae_gauntlet_exit_dead_adventurers]

Skill      XL: |  1  2  3  4  5  6  7  8  9 10 11 |
---------------+----------------------------------+-----
Fire Magic     | 4 5 6 8 9 11 12 | 12.6
Conjurations   | 2 3 4 5 6 7 8 |  8.8
Spellcasting   | 4 5 7 8 9 10 | 10.8
Evocations     | 2 3 4 |  4.0
Stealth        | 3 |  3.0
Dodging        | 4 6 |  6.9
Fighting       | 1 2 |  2.0

Action                   |  1- 3 |  4- 6 |  7- 9 | 10-12 || total
-------------------------+-------+-------+-------+-------++-------
Melee: Unarmed           |       |     1 |       |       ||     1
       Trident           |       |       |     2 |       ||     2
       Rapier            |       |       |     3 |     5 ||     8
 Cast: Foxfire           |   120 |   134 |   343 |   260 ||   857
       Fireball          |       |     2 |    11 |    37 ||    50
       Conjure Flame     |       |     1 |     2 |     2 ||     5
       Sticky Flame      |       |       |    15 |    11 ||    26
       Iskenderun's Myst |       |       |       |    14 ||    14
       Magic Dart        |       |       |       |    13 ||    13
Evoke: Wand              |       |       |       |     2 ||     2
  Use: Scroll            |       |       |     9 |     8 ||    17
       Potion            |       |       |       |     3 ||     3
 Stab: Sleeping          |       |     1 |     1 |       ||     2
Armor: Robe              |     3 |     2 |     7 |    12 ||    24
Dodge: Dodged            |     5 |     9 |    25 |    46 ||    85
